cohdb
Replays
Latest Replays
All Replays
Popular Replays
Top Player Replays
Match Explorer
How It Works
Community
CoH3 Stats
Reddit
Sign in to upload your games and track your stats! →
Sign in with Steam
Match 44827077
Unlisted
Match 44827077
Overview
Messages
Build Orders
End
Panzergrenadier Squad
250 Light Carrier
Panzergrenadier Squad
Construct Light Support Kompanie
Combat Half-tracks
Selects Armored Support Battlegroup
250 Light Carrier
250 Light Carrier
Fire Support Elements
Vehicle Survival Package
Veteran Squad Leaders
Selects Superior Fire Drills
Selects Salvage Kits
Construct Panzerarmee Kommand
Rapid Advance
Emergency Repair Kits
Panzer III L Medium Tank
Panzer III L Medium Tank
Selects Flammpanzer III Medium Tank
Flammpanzer III Medium Tank
Advanced Optics
Tungsten Core Ammunition
Chikage
An.Ritter
聽取蛙聲一片
JT
HelloFriends :D
Thomas Shelby
KT6790
downward horrendous
0
0
Comments
sign in to comment!
No comments posted yet!